 Dungeon Sprint DCSS version 0.28-a0-479-g5baa6b73be (webtiles) character file.

Game seed: 3641535039148438806

8456 MikeHunt the Martial Artist (level 11, -7/98 HPs)
             Began as a Demonspawn Chaos Knight on Sept 17, 2021.
             Was a Plaything of Xom.
             Succumbed to a death drake's dark miasma
             ... in the Dungeon (Sprint III: "The Ten Rune Challenge").
             The game lasted 00:09:14 (2763 turns).

MikeHunt the Martial Artist (DsCK)                  Turns: 2763, Time: 00:09:15

Health: -7/98      AC:  4    Str: 11    XL:     11   Next: 10%
Magic:  11/11      EV: 21    Int: 15    God:    Xom [....*.]
Gold:   2211       SH: 12    Dex: 20    Spells: 10/10 levels left

rFire   . . .      SeeInvis +     - Unarmed
rCold   + . .      Faith    .   n - +0 buckler of Dogmatism {god gift, +Inv Regen+ Str-2 Dex+2}
rNeg    . . .      Spirit   .   h - +2 robe {Will+}
rPois   .          Reflect  .   (helmet unavailable)
rElec   .          Harm     .   (no cloak)
rCorr   +          Rampage  .   (no gloves)
Will    +....      NoTele   +   (no boots)
Stlth   ++++++....              (no amulet)
HPRegen 1.26/turn               p - ring of resist corrosion {god gift}
MPRegen 0.12/turn               (no ring)

@: lethally poisoned (-7 -> -84), slowed, very slow
A: horns 3, large bone plates 2, spiny 3, talons 1, thin skeletal structure 1,
see invisible, clever 1, cold resistance 1, wild magic 1, MP-powered wands
a: Renounce Religion, Evoke Invisibility


You were in the Dungeon.
You worshipped Xom.
You were a beloved toy of Xom.
You visited 1 branch You collected 2211 gold pieces.

Inventory:

Hand Weapons
 i - a +3 hunting sling
 j - a +2 dagger of flaming
Armour
 a - a +2 leather armour
 b - a +0 plate armour
 h - a +2 robe of willpower (worn)
 n - the +0 buckler of Dogmatism (worn) {god gift, +Inv Regen+ Str-2 Dex+2}
   (Xom gifted it to you in the Dungeon)

   Str:       It affects your strength (-2).
   Dex:       It affects your dexterity (+2).
   +Inv:      It lets you turn invisible.
   Regen:     It increases your rate of health regeneration.
Jewellery
 p - a ring of resist corrosion (left hand) {god gift}
Wands
 o - a wand of polymorph (12)
Scrolls
 c - a scroll of holy word
 g - a scroll of blinking
 m - a scroll of torment
Potions
 d - 2 potions of haste
 e - 2 potions of magic
 k - 3 potions of flight
 l - 4 potions of mutation
Miscellaneous
 f - a phial of floods


   Skills:
 + Level 13.3 Fighting
 - Level 1.7 Armour
 + Level 13.1 Dodging
 - Level 10.0 Stealth
 - Level 4.0 Shields
 + Level 14.2 Unarmed Combat


You had 10 spell levels left.
You didn't know any spells.
Your spell library contained the following spells:

 Spells                   Type           Power      Damage    Failure   Level
 Slow                     Hex            0%         N/A       47%         2
 Confusing Touch          Hex            0%         N/A       71%         3
 Dazzling Flash           Conj/Hex       0%         N/A       71%         3
 Vampiric Draining        Necr           0%         2d6       71%         3
 Agony                    Necr           0%         N/A       100%        5
 Silence                  Hex/Air        0%         N/A       100%        5


Dungeon Overview and Level Annotations

Branches:
Dungeon (1/1)

Altars:
Cheibriados
Dithmenos
Elyvilon
Fedhas
Gozag
Hepliaklqana
Kikubaaqudgha
Makhleb
Nemelex Xobeh
Okawaru
Qazlal
Ru
Sif Muna
Trog
Uskayaw
Vehumet
Wu Jian
Xom
Yredelemnul
Zin
The Shining One
Beogh
Jiyva
Lugonu

Shops:
D (


Innate Abilities, Weirdness & Mutations

You have a pair of large horns on your head.
You are mostly covered in large bone plates. (SH +6)
You are completely covered in sharp spines.
You have sharp toenails.
You have a somewhat thin skeletal structure. (Dex +2, Stealth+)
You have supernaturally acute eyesight. (SInv)
Your mind is acute. (Int +2)
Your flesh is cold resistant. (rC+)
Your spells are a little harder to cast, but a little more powerful.
You expend magic power (3 MP) to strengthen your wands.


Message History

Something appears at your feet!
You hear a splash.
You see here a ring of resist corrosion {god gift}.
p - a ring of resist corrosion {god gift}
There are no items here.
There is an open door, spattered with blood here.
p - a ring of resist corrosion (left hand) {god gift} You enter the shallow water.
Moving in this stuff is going to be slow.
A death drake comes into view.
The death drake breathes miasma at you. The foul vapour engulfs you!
You are poisoned.
You feel yourself slow down.
You are engulfed in dark miasma.
You are more poisoned.
You feel as though you will be slow longer.
You feel extremely sick. The death drake bites you.
You completely miss the death drake. Your kick misses the death drake.
You are engulfed in dark miasma.
You are more poisoned.
You feel as though you will be slow longer.
You feel extremely sick. The death drake breathes miasma at you.
The foul vapour engulfs you!!
You are more poisoned.
* * * LOW HITPOINT WARNING * * *
The death drake closely misses you.
Okay, then.
Unknown command.
Unknown command.
You punch the death drake!
You claw the death drake, but do no damage.
The death drake is lightly wounded.
You are engulfed in dark miasma.
You are more poisoned.
* * * LOW HITPOINT WARNING * * *
You die...
Xom is highly amused!

***#..♣♣ ♣♣♣##+###
###'♣♣♣♣♣♣♣♣♣♣♣♣♣♣♣ *
♣♣♣♣.##..##≈≈≈≈≈≈..#
,**
♣...##.##.#≈≈≈≈≈☼..#
♣♣†##†##.##'≈≈≈≈○####
,
♣..#.##..†#≈≈..☼..°$
♣♣.##.##).#≈..+#####
♣♣.##.#####...#
♣††...##.k@...#
########+######


You could see a death drake (catching breath).

Vanquished Creatures
  Erolcha (D)
  A hydra (D)
  Urug (D)
  A lindwurm (D)
  3 orc sorcerers (D)
  A wolf spider (D)
  2 cane toads (D)
  2 wandering mushrooms (D)
  2 tyrant leeches (D)
  5 redbacks (D)
  A shadow (D)
  A spatial vortex (D)
  4 orc warriors (D)
  A necrophage (D)
  5 two-headed ogres (D)
  A scorpion (D)
  A water elemental (D)
  An electric eel (D)
  An orc priest (D)
  A jelly (D)
  Jessica (D)
  A necromancer (D)
  A wizard (D)
  2 orc wizards (D)
  3 humans (D)
  A kobold demonologist (D)
  6 orcs (D)
  An endoplasm (D)
  A kobold (D)
  2 rats (D)
55 creatures vanquished.

Vanquished Creatures (collateral kills)
  A deep elf pyromancer (D)
1 creature vanquished.

Vanquished Creatures (others)
  A hydra (D)
  A komodo dragon (D)
  A wandering mushroom (D)
  A plant (D)
4 creatures vanquished.

Grand Total: 60 creatures vanquished

Notes
Turn   | Place    | Note
-------+----------+-------------------------------------------
     0 | D        | MikeHunt the Demonspawn Chaos Knight began the quest for
                  | the Orb.
     0 | D        | Reached XP level 1. HP: 18/18 MP: 1/1
    13 | D        | Reached skill level 3 in Unarmed Combat
    84 | D        | Noticed Jessica
    95 | D        | Killed Jessica
    96 | D        | Reached skill level 6 in Unarmed Combat
    96 | D        | Gained mutation: You are partially covered in sharp spines.
                  | [demonic ancestry]
    96 | D        | Reached XP level 2. HP: 19/24 MP: 2/2
    96 | D        | Gained mutation: You have a pair of small horns on your
                  | head. [demonic ancestry]
    96 | D        | Reached XP level 3. HP: 23/29 MP: 3/3
   158 | D        | XOM: silly message
   169 | D        | Noticed a scorpion
   176 | D        | HP: 1/29 [poisoned by a scorpion]
   178 | D        | XOM: enchant monster (bad)
   179 | D        | Killed a scorpion
   180 | D        | Reached skill level 7 in Unarmed Combat
   180 | D        | Gained mutation: You are partially covered in large bone
                  | plates. (SH +4) [demonic ancestry]
   180 | D        | Reached XP level 4. HP: 17/35 MP: 4/4
   358 | D        | Gained mutation: You have a somewhat thin skeletal
                  | structure. (Dex +2, Stealth+) [potion of mutation]
   358 | D        | Gained mutation: You have sharp toenails. [potion of
                  | mutation]
   358 | D        | Gained mutation: You have supernaturally acute eyesight.
                  | (SInv) [potion of mutation]
   364 | D        | Noticed a water elemental
   368 | D        | Killed a water elemental
   369 | D        | Reached skill level 5 in Dodging
   369 | D        | Reached skill level 8 in Unarmed Combat
   369 | D        | Reached XP level 5. HP: 32/41 MP: 5/5
   475 | D        | XOM: cloud trail
   476 | D        | Found a shadowy altar of Dithmenos.
   476 | D        | Noticed a necrophage
   480 | D        | Killed a necrophage
   481 | D        | Reached skill level 9 in Unarmed Combat
   481 | D        | Gained mutation: You are mostly covered in sharp spines.
                  | [demonic ancestry]
   481 | D        | Reached XP level 6. HP: 47/50 MP: 6/6
   481 | D        | Found a basalt altar of Yredelemnul.
   481 | D        | Found a sacrificial altar of Ru.
   487 | D        | Reached skill level 5 in Fighting
   581 | D        | Noticed a shadow
   590 | D        | Killed a shadow
   594 | D        | Found a blossoming altar of Fedhas.
   594 | D        | Found a stormy altar of Qazlal.
   595 | D        | Found a snail-covered altar of Cheibriados.
   595 | D        | Found a burning altar of Makhleb.
   595 | D        | Found a hazy altar of Hepliaklqana.
   595 | D        | Found a shimmering altar of Xom.
   595 | D        | Found an opulent altar of Gozag.
   595 | D        | Found a sparkling altar of Nemelex Xobeh.
   595 | D        | Found a corrupted altar of Lugonu.
   595 | D        | Found a viscous altar of Jiyva.
   595 | D        | Noticed a spatial vortex
   600 | D        | XOM: potion effect (haste)
   602 | D        | Killed a spatial vortex
   603 | D        | Reached skill level 10 in Unarmed Combat
   603 | D        | Reached XP level 7. HP: 54/60 MP: 7/7
   618 | D        | Found a hide-covered altar of Uskayaw.
   618 | D        | Found an iron altar of Okawaru.
   618 | D        | Found a bloodstained altar of Trog.
   618 | D        | Found an ornate altar of the Wu Jian Council.
   618 | D        | Noticed a human
   619 | D        | Noticed a human
   619 | D        | XOM: cast spell 'Call Canine Familiar'
   625 | D        | Killed a human
   630 | D        | Killed a human
   633 | D        | Noticed a deep elf pyromancer
   639 | D        | Killed a deep elf pyromancer
   640 | D        | Reached skill level 11 in Unarmed Combat
   640 | D        | Reached XP level 8. HP: 21/71 MP: 8/8
   649 | D        | Found a radiant altar of Vehumet.
   649 | D        | Found a shimmering blue altar of Sif Muna.
   649 | D        | Found an ancient bone altar of Kikubaaqudgha.
   653 | D        | XOM: divination: magic mapping
   888 | D        | Reached skill level 10 in Dodging
   888 | D        | Reached skill level 1 in Stealth
   895 | D        | XOM: silly message
   942 | D        | Noticed an orc high priest
   942 | D        | Noticed an orc sorcerer
   943 | D        | Noticed an orc sorcerer
   967 | D        | XOM: stat loss: -1 Dex (16/17)
   970 | D        | Noticed a wolf spider
   970 | D        | an orc high priest changed into a wolf spider
   970 | D        | XOM: polymorph orc high priest -> wolf spider
   976 | D        | Killed a wolf spider
   977 | D        | Reached skill level 10 in Fighting
   977 | D        | Reached skill level 12 in Unarmed Combat
   982 | D        | Gained mutation: You are completely covered in sharp
                  | spines. [demonic ancestry]
   982 | D        | Reached XP level 9. HP: 22/79 MP: 9/9
  1247 | D        | Killed an orc sorcerer
  1269 | D        | Reached skill level 5 in Stealth
  1313 | D        | Killed an orc sorcerer
  1314 | D        | XOM: summons 4 friendly demons
  1330 | D        | XOM: enchant monster (bad)
  1765 | D        | Noticed an orc sorcerer
  1765 | D        | XOM: potion effect (invisibility)
  1767 | D        | XOM: cast spell 'Discord'
  1775 | D        | Killed an orc sorcerer
  1936 | D        | Found Dietopp's Weapon Shop.
  1963 | D        | XOM: give mutation
  1963 | D        | Gained mutation: Your mind is acute. (Int +2) [Xom's grace]
  1982 | D        | Noticed a two-headed ogre
  1984 | D        | XOM: summons friendly iron imp
  1988 | D        | Killed a two-headed ogre
  2064 | D        | Noticed a two-headed ogre
  2064 | D        | Noticed Erolcha
  2077 | D        | Killed Erolcha
  2078 | D        | Reached skill level 13 in Unarmed Combat
  2078 | D        | Gained mutation: You have a pair of horns on your head.
                  | [demonic ancestry]
  2078 | D        | Reached XP level 10. HP: 54/89 MP: 10/10
  2108 | D        | XOM: summons 4 hostile shadow creatures
  2283 | D        | Identified the +0 buckler of Dogmatism {god gift, +Inv
                  | Regen+ Str-2 Dex+2} (Xom gifted it to you in the Dungeon)
  2283 | D        | XOM: god gift: +0 buckler of Dogmatism {god gift, +Inv
                  | Regen+ Str-2 Dex+2}
  2296 | D        | Reached skill level 1 in Shields
  2338 | D        | XOM: divine lightning
  2452 | D        | XOM: give mutations
  2452 | D        | Gained mutation: You have a pair of large horns on your
                  | head. [Xom's grace]
  2452 | D        | Gained mutation: Your flesh is cold resistant. (rC+) [Xom's
                  | grace]
  2452 | D        | Gained mutation: You expend magic power (3 MP) to
                  | strengthen your wands. [Xom's grace]
  2452 | D        | Gained mutation: Your spells are a little harder to cast,
                  | but a little more powerful. [Xom's grace]
  2529 | D        | Noticed a cane toad
  2529 | D        | Noticed a cane toad
  2532 | D        | XOM: enchant monster (good)
  2534 | D        | XOM: god gift: potion of haste {god gift}
  2536 | D        | Killed a cane toad
  2536 | D        | XOM: divine lightning
  2537 | D        | Killed a cane toad
  2548 | D        | XOM: potion effect (invisibility)
  2564 | D        | Noticed a lindwurm
  2568 | D        | Killed a lindwurm
  2578 | D        | Noticed Urug
  2588 | D        | Killed Urug
  2589 | D        | Reached skill level 14 in Unarmed Combat
  2589 | D        | Gained mutation: You are mostly covered in large bone
                  | plates. (SH +6) [demonic ancestry]
  2589 | D        | Reached XP level 11. HP: 98/98 MP: 11/11
  2622 | D        | Killed a five-headed hydra
  2710 | D        | Noticed a seven-headed hydra
  2722 | D        | Killed a seven-headed hydra
  2723 | D        | Reached skill level 10 in Stealth
  2753 | D        | XOM: god gift: wooden ring {god gift}
  2760 | D        | Noticed a death drake
  2763 | D        | Succumbed to a death drake's dark miasma

Illustrated notes

Levels and vault maps discovered:
D:        dungeon_sprint_mu [sprint_mu_entry_cave, sprint_mu_temple_rooms,
          sprint_mu_d1_spiders, sprint_mu_d2_genie, sprint_mu_d3_branching,
          sprint_mu_orc_legion, sprint_mu_elf_gauntlet, sprint_mu_hive_nellie,
          sprint_mu_lair_fedhas, sprint_mu_vaults_butterflies,
          sprint_mu_slime_circle, sprint_mu_swamp_cave, sprint_mu_shoals_kraken,
          sprint_mu_blade_basic, sprint_mu_crypt_lich, sprint_mu_tomb_spiral,
          sprint_mu_vestibule_basic, sprint_mu_gehenna_hellfire,
          sprint_mu_dis_giant, sprint_mu_tartarus_statrot,
          sprint_mu_cocytus_islands, sprint_mu_zot1]

Skill      XL: |  1  2  3  4  5  6  7  8  9 10 11 |
---------------+----------------------------------+-----
Unarmed Combat | 6 7 8 9 10 11 12 13 14 | 14.2
Dodging        | 4 5 6 8 9 10 12 13 | 13.1
Fighting       | 4 7 9 10 12 13 | 13.3
Stealth        | 3 7 9 10 | 10.0
Shields        | 4 |  4.0
Armour         | |  1.7

Action                   |  1- 3 |  4- 6 |  7- 9 | 10-12 || total
-------------------------+-------+-------+-------+-------++-------
Melee: Unarmed           |    39 |    27 |   112 |    67 ||   245
       Punch             |     1 |     2 |     6 |       ||     9
       Headbutt          |     2 |     6 |    19 |    15 ||    42
       Kick              |       |    11 |    38 |    30 ||    79
Evoke: Phial of floods   |       |       |     1 |       ||     1
  Use: Potion            |     2 |     1 |     2 |       ||     5
       Scroll            |       |     3 |       |       ||     3
 Stab: Sleeping          |       |     1 |     2 |     3 ||     6
       Distracted        |       |       |     1 |     1 ||     2
       Invisible         |       |       |       |     7 ||     7
Armor: Leather armour    |    13 |     2 |     7 |       ||    22
       Robe              |       |       |       |     6 ||     6
Dodge: Dodged            |    16 |     8 |    55 |    48 ||   127
Block: Other             |       |     2 |    14 |     5 ||    21
       Buckler           |       |       |       |    18 ||    18

Table legend: (Time is in decaauts)
 A = Elapsed time spent in this place.
 B = Non-inter-level travel time spent in this place.
 C = Inter-level travel time spent in this place.
 D = Time resting spent in this place.
 E = Time spent auto-exploring this place.
 F = Levels seen in this place.
 G = Mean time per level.
                   A        B        C        D        E       F      G
               +--------+--------+--------+--------+--------+-----+--------+
         Total |   2711 |   2693 |     18 |   2014 |     11 |   1 | 2711.0 |
       Dungeon |   2711 |   2693 |     18 |   2014 |     11 |   1 | 2711.0 |
               +--------+--------+--------+--------+--------+-----+--------+

Top non-repeatable levels by time:
       D: 2711 daAuts
